2970 views
Uploaded 2020-02-29 00:36:11
Game version 1.32.2
28:36 long 1on1 ladder game on (4)TwistedMeadows
Saved by BEARAND
2970 views
Uploaded 2020-02-29 00:36:11
Game version 1.32.2
28:36 long 1on1 ladder game on (4)TwistedMeadows

37 units @ 4.7k
/ 0.5k
121 buildings @ 6.8k
/ 3.8k



| Scroll of Regeneration | 3 | 300 |
| Potion of Healing | 3 | 450 |
| Lesser Clarity Potion | 1 | 70 |
| Staff of Sanctuary | 2 | 500 |
| Orb of Fire | 3 | 975 |
| Staff of Teleportation | 3 | 450 |
| Boots of Speed | 3 | 750 |
| total: | 18 | 3495g |
| Peasant | 24 | 1800 | / | 0 |
| Priest | 1 | 135 | / | 10 |
| Dragonhawk Rider | 8 | 1600 | / | 240 |
| Sorceress | 1 | 155 | / | 20 |
| Goblin Zeppelin | 1 | 240 | / | 60 |
| Goblin Shredder | 2 | 750 | / | 200 |
| total: | 37 | 4680g | / | 530w |
| Scout Tower | 101 | 3030 | / | 2020 |
| Arcane Tower | 3 | 210 | / | 150 |
| Guard Tower | 50 | 3500 | / | 2500 |
| Altar of Kings | 1 | 180 | / | 50 |
| Farm | 5 | 400 | / | 100 |
| Arcane Vault | 3 | 390 | / | 90 |
| Lumber Mill | 1 | 120 | / | 0 |
| Town Hall | 5 | 1925 | / | 1025 |
| Blacksmith | 1 | 140 | / | 60 |
| Barracks | 1 | 160 | / | 60 |
| Arcane Sanctum | 1 | 150 | / | 140 |
| Gryphon Aviary | 2 | 280 | / | 300 |
| Keep | 1 | 320 | / | 210 |
| Castle | 1 | 360 | / | 210 |
| total: | 121 | 6775g | / | 3845w |
| 0:02 | Peasant |
| 0:02 | Peasant |
| 0:12 | Altar of Kings |
| 0:20 | Farm |
| 0:27 | Peasant |
| 0:38 | Peasant |
| 0:42 | Farm |
| 0:44 | Arcane Vault |
| 0:53 | Peasant |
| 0:56 | Scout Tower |
| 1:05 | Lumber Mill |
| 1:08 | Peasant |
| 1:15 | Arcane Vault |
| 1:19 | Peasant |
| 1:24 | Peasant |
| 1:34 | Peasant |
| 1:48 | Arcane Tower |
| 1:57 | Peasant |
| 2:11 | Scout Tower |
| 2:16 | Peasant |
| 2:21 | Blizzard |
| 2:27 | Peasant |
| 2:38 | Guard Tower |
| 2:39 | Scout Tower |
| 2:40 | Scout Tower |
| 2:40 | Peasant |
| 2:41 | Peasant |
| 2:41 | Peasant |
| 2:59 | Peasant |
| 3:38 | Brilliance Aura |
| 3:45 | Guard Tower |
| 3:46 | Guard Tower |
| 3:47 | Scout Tower |
| 3:48 | Scout Tower |
| 3:54 | Improved Masonry |
| 4:09 | Scroll of Regeneration |
| 4:16 | Guard Tower |
| 4:18 | Farm |
| 4:19 | Farm |
| 5:10 | Town Hall |
| 5:15 | Scout Tower |
| 5:16 | Scout Tower |
| 5:17 | Scout Tower |
| 5:23 | Peasant |
| 5:24 | Peasant |
| 5:25 | Peasant |
| 5:43 | Arcane Tower |
| 5:56 | Blizzard |
| 6:21 | Keep |
| 6:23 | Guard Tower |
| 6:40 | Guard Tower |
| 6:44 | Guard Tower |
| 6:52 | Scout Tower |
| 7:23 | Staff of Teleportation |
| 7:23 | Boots of Speed |
| 7:31 | Scroll of Regeneration |
| 7:37 | Guard Tower |
| 7:38 | Scout Tower |
| 7:38 | Scout Tower |
| 7:39 | Scout Tower |
| 7:39 | Scout Tower |
| 8:22 | Goblin Zeppelin |
| 8:33 | Goblin Shredder |
| 9:08 | Scout Tower |
| 9:09 | Scout Tower |
| 9:09 | Scout Tower |
| 9:10 | Scout Tower |
| 9:10 | Scout Tower |
| 9:13 | Scout Tower |
| 9:14 | Scout Tower |
| 9:14 | Scout Tower |
| 9:15 | Scout Tower |
| 9:15 | Scout Tower |
| 9:35 | Guard Tower |
| 9:35 | Guard Tower |
| 9:42 | Storm Bolt |
| 10:02 | Guard Tower |
| 10:03 | Castle |
| 10:04 | Advanced Masonry |
| 10:05 | Improved Lumber Harvesting |
| 10:07 | Imbued Masonry |
| 10:16 | Brilliance Aura |
| 10:27 | Staff of Teleportation |
| 10:27 | Boots of Speed |
| 10:34 | Scout Tower |
| 10:35 | Scout Tower |
| 10:35 | Scout Tower |
| 10:35 | Scout Tower |
| 10:36 | Scout Tower |
| 10:37 | Scout Tower |
| 10:37 | Scout Tower |
| 10:38 | Scout Tower |
| 10:42 | Guard Tower |
| 10:47 | Scout Tower |
| 10:48 | Scout Tower |
| 10:48 | Scout Tower |
| 11:00 | Arcane Sanctum |
| 11:08 | Guard Tower |
| 11:12 | Guard Tower |
| 11:58 | Scroll of Regeneration |
| 12:00 | Potion of Healing |
| 12:01 | Potion of Healing |
| 12:05 | Lesser Clarity Potion |
| 12:14 | Potion of Healing |
| 12:19 | Magic Sentry |
| 12:19 | Priest |
| 12:20 | Guard Tower |
| 12:22 | Guard Tower |
| 12:22 | Guard Tower |
| 12:28 | Guard Tower |
| 12:34 | Arcane Vault |
| 12:47 | Guard Tower |
| 12:49 | Scout Tower |
| 12:50 | Scout Tower |
| 12:50 | Scout Tower |
| 12:54 | Arcane Tower |
| 13:12 | Bash |
| 13:29 | Holy Light |
| 13:39 | Guard Tower |
| 13:56 | Staff of Teleportation |
| 13:56 | Boots of Speed |
| 15:08 | Guard Tower |
| 15:11 | Town Hall |
| 15:12 | Guard Tower |
| 15:14 | Scout Tower |
| 15:14 | Scout Tower |
| 15:15 | Scout Tower |
| 15:15 | Scout Tower |
| 15:16 | Scout Tower |
| 15:16 | Scout Tower |
| 15:16 | Scout Tower |
| 15:17 | Scout Tower |
| 15:19 | Priest Adept Training |
| 15:19 | Sorceress Adept Training |
| 15:40 | Divine Shield |
| 15:59 | Storm Bolt |
| 16:10 | Guard Tower |
| 16:30 | Gryphon Aviary |
| 16:31 | Blacksmith |
| 16:38 | Barracks |
| 17:45 | Farm |
| 17:48 | Dragonhawk Rider |
| 17:49 | Dragonhawk Rider |
| 17:49 | Dragonhawk Rider |
| 18:05 | Peasant |
| 18:06 | Peasant |
| 18:13 | Scout Tower |
| 18:13 | Scout Tower |
| 18:14 | Scout Tower |
| 18:14 | Scout Tower |
| 18:27 | Town Hall |
| 18:38 | Scout Tower |
| 18:38 | Scout Tower |
| 18:40 | Scout Tower |
| 18:40 | Scout Tower |
| 18:42 | Scout Tower |
| 18:43 | Scout Tower |
| 18:43 | Scout Tower |
| 18:44 | Scout Tower |
| 18:45 | Scout Tower |
| 18:45 | Scout Tower |
| 18:46 | Scout Tower |
| 18:46 | Scout Tower |
| 18:47 | Scout Tower |
| 18:47 | Scout Tower |
| 18:48 | Scout Tower |
| 18:54 | Guard Tower |
| 18:54 | Guard Tower |
| 18:55 | Guard Tower |
| 18:55 | Guard Tower |
| 19:17 | Staff of Sanctuary |
| 19:22 | Staff of Sanctuary |
| 19:24 | Orb of Fire |
| 19:33 | Orb of Fire |
| 19:38 | Guard Tower |
| 19:54 | Iron Forged Swords |
| 19:54 | Studded Leather Armor |
| 19:56 | Dragonhawk Rider |
| 20:49 | Holy Light |
| 20:57 | Dragonhawk Rider |
| 21:08 | Guard Tower |
| 22:09 | Orb of Fire |
| 22:17 | Guard Tower |
| 22:32 | Dragonhawk Rider |
| 22:32 | Dragonhawk Rider |
| 22:32 | Dragonhawk Rider |
| 22:34 | Scout Tower |
| 22:35 | Gryphon Aviary |
| 22:48 | Guard Tower |
| 22:58 | Guard Tower |
| 23:24 | Guard Tower |
| 23:25 | Peasant |
| 23:26 | Peasant |
| 23:26 | Peasant |
| 23:35 | Town Hall |
| 23:49 | Town Hall |
| 23:50 | Scout Tower |
| 23:51 | Scout Tower |
| 23:51 | Scout Tower |
| 23:52 | Scout Tower |
| 23:52 | Scout Tower |
| 23:53 | Scout Tower |
| 23:54 | Scout Tower |
| 23:54 | Scout Tower |
| 23:55 | Scout Tower |
| 23:55 | Scout Tower |
| 23:56 | Scout Tower |
| 23:56 | Scout Tower |
| 23:57 | Scout Tower |
| 23:57 | Scout Tower |
| 23:58 | Scout Tower |
| 23:58 | Scout Tower |
| 23:59 | Scout Tower |
| 23:59 | Scout Tower |
| 24:00 | Scout Tower |
| 24:00 | Scout Tower |
| 24:01 | Scout Tower |
| 24:06 | Guard Tower |
| 24:09 | Scout Tower |
| 24:10 | Scout Tower |
| 24:10 | Scout Tower |
| 24:11 | Scout Tower |
| 24:12 | Scout Tower |
| 24:12 | Scout Tower |
| 24:35 | Guard Tower |
| 24:46 | Sorceress |
| 25:19 | Goblin Shredder |
| 26:25 | Guard Tower |
| 26:41 | Guard Tower |
| 26:52 | Guard Tower |
| 27:29 | Bash |
| 27:34 | Blizzard |
| 27:59 | Guard Tower |
| 28:16 | Scout Tower |
| 28:17 | Scout Tower |
| 28:17 | Scout Tower |
| 28:18 | Scout Tower |
| 28:18 | Scout Tower |
| 28:18 | Scout Tower |
| 28:19 | Scout Tower |
| 28:19 | Scout Tower |
| 28:26 | Guard Tower |
| Right click | 2331 |
| Select | 888 |
| Select group | 322 |
| Build/train/purchase | 204 |
| Use ability | 107 |
| Misc. action | 46 |
| Chat | 23 |
| Assign group | 21 |
| Item give/drop | 17 |
| Remove unit | 3 |
52 units @ 8.1k
/ 1.4k
28 buildings @ 3.1k
/ 1.4k


| Scroll of Regeneration | 2 | 200 |
| Lesser Clarity Potion | 1 | 70 |
| Orb of Fire | 1 | 325 |
| total: | 4 | 595g |
| Peasant | 14 | 1050 | / | 0 |
| Footman | 5 | 675 | / | 0 |
| Rifleman | 8 | 1640 | / | 240 |
| Priest | 5 | 675 | / | 50 |
| Gryphon Rider | 2 | 560 | / | 140 |
| Knight | 1 | 245 | / | 60 |
| Dragonhawk Rider | 7 | 1400 | / | 210 |
| Siege Engine | 5 | 975 | / | 300 |
| Mortar Team | 5 | 900 | / | 350 |
| total: | 52 | 8120g | / | 1350w |
| Scout Tower | 5 | 150 | / | 100 |
| Guard Tower | 4 | 280 | / | 200 |
| Farm | 13 | 1040 | / | 260 |
| Barracks | 1 | 160 | / | 60 |
| Altar of Kings | 1 | 180 | / | 50 |
| Lumber Mill | 1 | 120 | / | 0 |
| Blacksmith | 1 | 140 | / | 60 |
| Arcane Vault | 1 | 130 | / | 30 |
| Town Hall | 2 | 770 | / | 410 |
| Arcane Sanctum | 1 | 150 | / | 140 |
| Gryphon Aviary | 1 | 140 | / | 150 |
| Workshop | 1 | 140 | / | 140 |
| Keep | 2 | 640 | / | 420 |
| Castle | 1 | 360 | / | 210 |
| total: | 28 | 3120g | / | 1400w |
| 0:05 | Peasant |
| 0:05 | Peasant |
| 0:10 | Farm |
| 0:15 | Barracks |
| 0:21 | Altar of Kings |
| 0:26 | Peasant |
| 0:37 | Peasant |
| 0:50 | Farm |
| 0:59 | Peasant |
| 1:08 | Peasant |
| 1:39 | Footman |
| 1:42 | Peasant |
| 1:52 | Lumber Mill |
| 2:02 | Blacksmith |
| 2:12 | Footman |
| 2:24 | Farm |
| 2:35 | Storm Bolt |
| 2:42 | Footman |
| 2:54 | Scout Tower |
| 3:16 | Rifleman |
| 3:19 | Rifleman |
| 3:25 | Scout Tower |
| 3:27 | Guard Tower |
| 3:59 | Guard Tower |
| 4:03 | Bash |
| 4:16 | Arcane Vault |
| 4:18 | Keep |
| 4:20 | Peasant |
| 4:33 | Black Gunpowder |
| 4:38 | Peasant |
| 4:57 | Keep |
| 5:44 | Storm Bolt |
| 5:51 | Farm |
| 5:52 | Footman |
| 6:00 | Iron Plating |
| 6:06 | Improved Masonry |
| 6:10 | Scroll of Regeneration |
| 6:10 | Lesser Clarity Potion |
| 6:16 | Scroll of Regeneration |
| 6:30 | Farm |
| 6:36 | Rifleman |
| 7:43 | Healing Spray |
| 7:51 | Rifleman |
| 7:51 | Long Rifles |
| 7:57 | Arcane Sanctum |
| 8:37 | Castle |
| 8:38 | Rifleman |
| 8:46 | Farm |
| 9:20 | Chemical Rage |
| 9:30 | Priest Adept Training |
| 9:41 | Gryphon Aviary |
| 10:03 | Priest |
| 10:06 | Rifleman |
| 10:10 | Refined Gunpowder |
| 10:46 | Bash |
| 11:03 | Peasant |
| 11:03 | Peasant |
| 11:06 | Peasant |
| 11:14 | Farm |
| 11:20 | Priest Master Training |
| 11:52 | Farm |
| 12:01 | Healing Spray |
| 12:13 | Town Hall |
| 12:39 | Scout Tower |
| 12:50 | Priest |
| 12:53 | Gryphon Rider |
| 12:54 | Knight |
| 13:00 | Farm |
| 13:23 | Orb of Fire |
| 13:30 | Priest |
| 13:37 | Guard Tower |
| 13:40 | Scout Tower |
| 14:01 | Gryphon Rider |
| 14:07 | Priest |
| 14:21 | Guard Tower |
| 14:43 | Workshop |
| 14:52 | Peasant |
| 14:57 | Improved Lumber Harvesting |
| 15:02 | Dragonhawk Rider |
| 15:20 | Peasant |
| 15:31 | Farm |
| 15:38 | Dragonhawk Rider |
| 15:39 | Cloud |
| 16:02 | Siege Engine |
| 16:08 | Farm |
| 16:52 | Siege Engine |
| 17:01 | Mortar Team |
| 17:02 | Mortar Team |
| 17:06 | Farm |
| 17:11 | Siege Engine |
| 17:13 | Dragonhawk Rider |
| 17:17 | Siege Engine |
| 17:26 | Imbued Gunpowder |
| 17:37 | Scout Tower |
| 18:21 | Siege Engine |
| 18:25 | Farm |
| 18:34 | Steel Plating |
| 18:39 | Barrage |
| 19:22 | Rifleman |
| 19:24 | Rifleman |
| 19:39 | Priest |
| 21:25 | Acid Bomb |
| 21:57 | Storm Bolt |
| 22:34 | Dragonhawk Rider |
| 22:34 | Dragonhawk Rider |
| 23:26 | Town Hall |
| 23:37 | Dragonhawk Rider |
| 23:38 | Dragonhawk Rider |
| 23:50 | Healing Spray |
| 24:43 | Mortar Team |
| 24:52 | Mortar Team |
| 25:22 | Mithril Plating |
| 25:26 | Mortar Team |
| 25:28 | Fragmentation Shards |
| 25:51 | Footman |
| 25:55 | Magic Sentry |
| Right click | 423 |
| Select | 334 |
| Select group | 156 |
| Build/train/purchase | 111 |
| Assign group | 62 |
| Use ability | 35 |
| Chat | 35 |
| Item give/drop | 6 |
| Misc. action | 2 |